 Dungeon Crawl Stone Soup version 0.31.0-32-g396128a36d (webtiles) character file.

Game seed: 9680528462840041065

108 PaiMei the Grave Robber (level 4, -6/32 HPs)
             Began as a Demonspawn Necromancer on Apr 3, 2024.
             Mangled by Sigmund
             ... wielding a +0 scythe of venom
              (8 damage)
             ... on level 2 of the Dungeon.
             The game lasted 00:02:29 (1734 turns).

PaiMei the Grave Robber (Demonspawn Necromancer)    Turns: 1734, Time: 00:02:29

Health: -6/32      AC:  2    Str:  8    XL:     4   Next: 58%
Magic:  8/8        EV: 12    Int: 17    God:
Gold:   72         SH:  0    Dex: 14    Spells: 4/8 levels left

rFire   . . .        d - +0 short sword
rCold   . . .        (no shield)
rNeg    . . .        a - +0 robe
rPois   .            (no helmet)
rElec   .            (no cloak)
rCorr   .            (no gloves)
SInv    .            (no boots)
Will    .....        (no amulet)
Stlth   ++           (no ring)
HPRegen 0.25/turn    (no ring)
MPRegen 0.11/turn

%: no passive effects
@: lethally poisoned (-6 -> -12)
A: ignite blood 1, weakness stinger 1
a: no special abilities


You were on level 2 of the Dungeon.
You visited 1 branch of the dungeon, and saw 2 of its levels.

You collected 72 gold pieces.

Inventory:

Hand Weapons
 d - a +0 short sword (weapon)
Armour
 a - a +0 robe (worn)
Scrolls
 c - 4 scrolls of identify {unknown}
 e - a scroll of enchant weapon {unknown}
 f - a scroll of amnesia {unknown}
Potions
 b - a potion of magic
 g - a potion of curing {unknown}


   Skills:
 + Level 1.3 Fighting
 + Level 2.6 Dodging
 - Level 2.3 Stealth
 + Level 2.8 Spellcasting
 + Level 5.0 Necromancy


You had 4 spell levels left.
You knew the following spells:

 Your Spells              Type           Power      Damage    Failure   Level
a - Necrotise             Necr           76%        1d7       2%          1
b - Vampiric Draining     Necr           19%        2d7       7%          3

Your spell library contained the following spells:

 Spells                   Type           Power      Damage    Failure   Level
 Animate Dead             Necr           19%        N/A       22%         4
 Curse of Agony           Necr           19%        N/A       52%         5


Dungeon Overview and Level Annotations

Branches:
Dungeon (2/15)

Altars:

Annotations:
D:2 Sigmund


Innate Abilities, Weirdness & Mutations

Your demonic aura sometimes causes spilled blood to erupt in flames.
You have a small tail.


Message History

Something hits the plant.
The plant begins to die.
A nearby fungus withers and dies.
You are confused.
You bump into the metal wall.
You bump into the metal wall.
You hear some strange, mumbled words.
Something tries to affect you, but you resist.
Something hits you.
You are poisoned.
You bump into the metal wall.
You feel less confused.
You feel sick.
You feel sick. Something hits you!
You feel sick.
A magic dart appears from out of thin air!
The magic dart hits you!
* * * LOW HITPOINT WARNING * * *
You feel sick.
You feel sick.
You feel sick.
You feel sick.
You are no longer poisoned.
You are confused.
You bump into the rock wall.
You bump into the rock wall.
You bump into the rock wall.
You bump into the rock wall.
You feel less confused. Something hits you.
* * * LOW HITPOINT WARNING * * *
You are lethally poisoned!
* * * LOW HITPOINT WARNING * * *
You feel very sick.
Sigmund appears from thin air!
Reactivating autopickup.
Sigmund is suddenly surrounded by pale blue light.
Sigmund attacks as he pursues you!
Sigmund hits you from afar with a +0 scythe of venom!
You die...
Sigmund begins carving another notch in his scythe.

.####.### #.###.##.####...##
.####.#### #......#.# ##.##
.........# #......#.# #.#
..###.##.# #......#.# ##'## #.#
#.##.# #.....>#.# ##...## #.#
#.##.# #......#.###.....#
#.###.##.# #........##.......
..##...#.#########...####....@...
+.............@.@..<....+........
#.##...#.#########...####........
#........# ### ##.## ##.......
###...#######.####### ##.....#
#.### #.###....# #.#...#. #.#
##.PP.P..# .PP###+##. #.#
###.....PP# ..PP.P##..##. #.#
#......P..#PPP...P.P#.##. #.###
#.....P.PP_P......P.#....


You could see Sigmund.

Vanquished Creatures
  Natasha (twice) (D:2)
  An adder zombie (D:2)
  An adder skeleton (D:2)
  A ribbon worm (D:2)
  2 bat skeletons (D:2)
  3 endoplasms
  2 giant cockroaches
  5 goblins
  3 hobgoblins
  2 jackals (D:1)
  2 quokkas (D:1)
  4 ball pythons
  A ball python zombie (D:2)
  4 bats
  4 frilled lizards (D:1)
  6 kobolds
  A quokka skeleton (D:2)
  2 rats
46 creatures vanquished.

Vanquished Creatures (collateral kills)
  2 ball pythons (D:1)
2 creatures vanquished.

Grand Total: 48 creatures vanquished

Notes
Turn   | Place    | Note
-------+----------+-------------------------------------------
     0 | D:1      | PaiMei the Demonspawn Necromancer began the quest for the
                  | Orb.
     0 | D:1      | Reached XP level 1. HP: 13/13 MP: 3/3
   153 | D:1      | Gained mutation: You have a small tail. [demonic ancestry]
   153 | D:1      | Reached XP level 2. HP: 15/19 MP: 3/5
   727 | D:1      | Reached XP level 3. HP: 24/24 MP: 4/6
   731 | D:1      | Learned a level 3 spell: Vampiric Draining
  1186 | D:2      | Noticed Natasha
  1195 | D:2      | Killed Natasha
  1196 | D:2      | Gained mutation: Your demonic aura sometimes causes spilled
                  | blood to erupt in flames. [demonic ancestry]
  1196 | D:2      | Reached XP level 4. HP: 24/31 MP: 0/7
  1244 | D:2      | Noticed Sigmund
  1245 | D:2      | Reached skill level 1 in Fighting
  1340 | D:2      | Noticed Natasha
  1396 | D:2      | Killed Natasha
  1397 | D:2      | Reached skill level 5 in Necromancy
  1642 | D:2      | Found a faded altar of an unknown god.
  1734 | D:2      | Mangled by Sigmund

Illustrated notes

Levels and vault maps discovered:
D:1:      minmay_arrival_arboretum_small, layout_loops_ring
D:2:      layout_loops_corners, shapermc_ecumenical_altar_gd, serial_undead,
          serial_undead_d, serial_undead_f, serial_undead_a, serial_undead_a,
          basic_altar, uniq_natasha, uniq_sigmund

Skill      XL: |  1  2  3  4 |
---------------+-------------+-----
Stealth        | 2 |  2.3
Dodging        | 2 |  2.6
Fighting       | 1 |  1.3
Necromancy     | 5 |  5.0
Spellcasting   | |  2.8

Action                     |  1- 3 |  4- 6 || total
---------------------------+-------+-------++-------
  Melee: Short sword       |    50 |    16 ||    66
         Tailslap          |     5 |     6 ||    11
   Cast: Necrotise         |    47 |    15 ||    62
         Vampiric Draining |     2 |       ||     2
 Armour: Robe              |    24 |    32 ||    56
  Dodge: Dodged            |    50 |    26 ||    76
